 Dungeon Crawl Stone Soup version 0.29.0-11-gd7f09526c8 (webtiles) character file.

Game seed: 2087803374784548816

91 ystael the Trooper (level 4, 0/40 HPs)
             Began as a Minotaur Fighter on Sept 4, 2022.
             Slain by Terence
             ... wielding a +2 short sword of distortion
              (2 damage)
             ... on level 2 of the Dungeon.
             The game lasted 00:03:37 (1646 turns).

ystael the Trooper (Minotaur Fighter)               Turns: 1646, Time: 00:03:37

Health: 0/40       AC:  8    Str: 20    XL:     4   Next: 34%
Magic:  3/3        EV:  9    Int:  5    God:
Gold:   91         SH:  5    Dex: 12    Spells: 3/3 levels left

rFire   . . .      SeeInvis .   a - +0 war axe
rCold   . . .      Faith    .   c - +0 buckler
rNeg    . . .      Spirit   .   b - +0 scale mail
rPois   .          Reflect  .   (helmet restricted)
rElec   .          Harm     .   f - +0 cloak
rCorr   .          Rampage  .   (no gloves)
Will    .....                   (no boots)
Stlth   ..........              n - amulet of the acrobat
HPRegen 0.13/turn               (no ring)
MPRegen 0.08/turn               (no ring)

@: no status effects
A: horns 2, retaliatory headbutt
a: no special abilities


You were on level 2 of the Dungeon.
You visited 1 branch of the dungeon, and saw 2 of its levels.

You collected 91 gold pieces.

Inventory:

Hand Weapons
 a - a +0 war axe (weapon)
Missiles
 h - 4 datura-tipped darts
 i - 4 stones (quivered)
Armour
 b - a +0 scale mail (worn)
 c - a +0 buckler (worn)
 f - a +0 cloak (worn)
Jewellery
 j - a ring of magical power
 n - an amulet of the acrobat (around neck)
Scrolls
 l - a scroll of magic mapping {unknown}
 m - a scroll of teleportation
Potions
 d - a potion of might
 e - 2 potions of curing
 g - a potion of flight {unknown}
 k - a potion of attraction {unknown}


   Skills:
 + Level 4.2 Fighting
 * Level 4.0 Axes
 + Level 4.2 Armour
 + Level 4.2 Shields


You had 3 spell levels left.
You didn't know any spells.
Your spell library was empty.

Dungeon Overview and Level Annotations

Branches:
Dungeon (2/15)

Altars:
Ru

Annotations:
D:2 Terence


Innate Abilities, Weirdness & Mutations

You have a pair of horns on your head.
You reflexively headbutt those who attack you in melee.


Message History

Terence is lightly wounded.
Terence hits you with a +2 short sword of distortion. x2
You hit Terence. You headbutt Terence.
Terence is moderately wounded.
Terence closely misses you.
Terence hits you with a +2 short sword of distortion.
You blink.
Throw: 4 darts (datura)
Press: ? - help, Q - select action, (/) - cycle Shift-Dir - straight line, f/p - Terence
Aim: Terence, wielding a +2 short sword of distortion and wearing a +0 chain mail (moderately wounded, fast, strong, frenzied and insane, 67% to hit, immune)
Okay, then.
Throw: 7 stones
Press: ? - help, Q - select action, (/) - cycle Shift-Dir - straight line, f/p - Terence
Aim: Terence, wielding a +2 short sword of distortion and wearing a +0 chain mail (moderately wounded, fast, strong, frenzied and insane, 67% to hit)
Okay, then.
Throw: 7 stones
Press: ? - help, Q - select action, (/) - cycle Shift-Dir - straight line, f/p - Terence
Aim: Terence, wielding a +2 short sword of distortion and wearing a +0 chain mail (moderately wounded, fast, strong, frenzied and insane, 67% to hit)
You throw a stone. The stone hits Terence.
Terence is heavily wounded.
Throw: 6 stones
Press: ? - help, Q - select action, (/) - cycle Shift-Dir - straight line, f/p - Terence
Aim: Terence, wielding a +2 short sword of distortion and wearing a +0 chain mail (heavily wounded, fast, strong, frenzied and insane, 67% to hit)
You throw a stone. The stone closely misses Terence.
Throw: 5 stones
Press: ? - help, Q - select action, (/) - cycle Shift-Dir - straight line, f/p - Terence
Aim: Terence, wielding a +2 short sword of distortion and wearing a +0 chain mail (heavily wounded, fast, strong, frenzied and insane, 67% to hit)
You throw a stone. The stone closely misses Terence.
Terence shouts!
You barely miss Terence.
Terence is heavily wounded.
Terence hits you with a +2 short sword of distortion.
Space warps horribly around you!
* * * LOW HITPOINT WARNING * * *
Terence misses you.
Unknown command.
You barely miss Terence.
Terence is heavily wounded.
Terence hits you with a +2 short sword of distortion.
You die...

# ####.#.. #.[
##########....#.#####.######.
..............+.>..().(......
.....####.....#..####.#
#.##.#........#....<#.#
#.##.##.#.###.##.####.#
#.##....#...[.........#
#.#############.@..########
#.. .......'.@..'.......
###############....########
......#....# #....#
####.##.##.# #....# #.##.##.#
#....# #.##.##.# #....# ##
#.##.##.# #....# .# #.##.##.#
##....# .# #....##.# #....##


You could see the neutral Terence (fast, strong, insane).

Vanquished Creatures
  5 adders (D:2)
  6 ball pythons
  A bat (D:1)
  5 endoplasms
  3 giant cockroaches
  5 goblins
  7 hobgoblins (D:1)
  A kobold (D:2)
  A quokka (D:1)
  3 frilled lizards
  6 rats (D:1)
43 creatures vanquished.

Notes
Turn   | Place    | Note
-------+----------+-------------------------------------------
     0 | D:1      | ystael the Minotaur Fighter began the quest for the Orb.
     0 | D:1      | Reached XP level 1. HP: 19/19 MP: 0/0
    22 | D:1      | Found a faded altar of an unknown god.
   266 | D:1      | Reached XP level 2. HP: 27/27 MP: 1/1
   816 | D:1      | Reached XP level 3. HP: 33/33 MP: 2/2
  1122 | D:2      | Found a sacrificial altar of Ru.
  1176 | D:2      | Reached XP level 4. HP: 34/40 MP: 3/3
  1632 | D:2      | Noticed Terence
  1645 | D:2      | HP: 2/40 [Terence/+2 short sword of distortion (13)]
  1646 | D:2      | Slain by Terence

Illustrated notes

Levels and vault maps discovered:
D:1:      tarquinn_simple_flora_water_d, layout_basic,
          hellmonk_ecumenical_altar_blasted, minmay_misc_feat_cross,
          minmay_misc_feat_more_columns, minmay_misc_feat_secret_circle
D:2:      layout_basic, basic_altar, lightli_corner_chamber, uniq_terence

Skill      XL: |  1  2  3  4 |
---------------+-------------+-----
Axes           | 3 4 |  4.0
Fighting       | 4 |  4.2
Armour         | 4 |  4.2
Shields        | 4 |  4.2

Action                   |  1- 3 |  4- 6 || total
-------------------------+-------+-------++-------
Melee: War axe           |    74 |    14 ||    88
       Headbutt          |    11 |     2 ||    13
Throw: Stone             |       |     3 ||     3
       Dart              |       |     2 ||     2
  Use: Scroll            |     2 |       ||     2
Armor: Scale mail        |    24 |     3 ||    27
Dodge: Dodged            |    34 |     5 ||    39
Block: Buckler           |    14 |     1 ||    15
